 Dungeon Crawl Stone Soup version 0.30-a0-242-g7bf8e6d787 (webtiles) character file.

Game seed: 7826401707769133251

4 purpskrrrp the Conjurer (level 1, 0/4 (16) HPs)
             Began as a Demonspawn Reaver on Oct 11, 2022.
             Constricted to death by a ball python (1 damage)
             ... on level 1 of the Dungeon.
             The game lasted 00:00:50 (243 turns).

purpskrrrp the Conjurer (Demonspawn Reaver)          Turns: 243, Time: 00:00:51

HP:   0/4 (16)      AC:  3    Str: 12    XL:     1   Next: 58%
MP:   3/3           EV:  8    Int: 14    God:
Gold: 35            SH:  0    Dex: 11    Spells: 3/4 levels left

rFire   . . .      SeeInvis .    a - +0 hand axe
rCold   . . .      Faith    .    (no shield)
rNeg    . . .      Spirit   .    b - +0 leather armour
rPois   .          Reflect  .    (no helmet)
rElec   .          Harm     .    (no cloak)
rCorr   .          Rampage  .    (no gloves)
Will    .....                    (no boots)
Stlth   +.........               (no amulet)
HPRegen 0.20/turn                (no ring)
MPRegen 0.08/turn                (no ring)

@: constricted, extremely drained
A: no striking features
a: no special abilities


You were on level 1 of the Dungeon.
You visited 1 branch of the dungeon, and saw 1 of its levels.

You collected 35 gold pieces.

Inventory:

Hand Weapons
 a - a +0 hand axe (weapon)
Armour
 b - a +0 leather armour (worn)
Jewellery
 c - a +6 ring of dexterity
Scrolls
 f - a scroll of noise {unknown}
Potions
 d - a potion of berserk rage {unknown}
 e - a potion of might {unknown}


   Skills:
 - Level 2.0 Fighting
 - Level 2.6 Axes
 + Level 1.8 Dodging
 + Level 2.0 Spellcasting
 + Level 3.0 Conjurations
 * Level 0.6 Necromancy


You had 3 spell levels left.
You knew the following spells:

 Your Spells              Type           Power      Damage    Failure   Level
a - Kiss of Death         Conj/Necr      24%        2d7       14%         1

Your spell library contained the following spells:

 Spells                   Type           Power      Damage    Failure   Level
 Momentum Strike          Conj/Tloc      10%        3d8       24%         2
 Hailstorm                Conj/Ice       5%         3d4       43%         3


Dungeon Overview and Level Annotations

Branches:
Dungeon (1/15)

Altars:


Message History

e - an emerald potion You now have 15 gold pieces.
Found a stone staircase leading down.
Found a stone staircase leading down.
You now have 19 gold pieces (gained 4).
An endoplasm comes into view.
An endoplasm is nearby!
An endoplasm is nearby!
An endoplasm is nearby!
An endoplasm is nearby!
An endoplasm is nearby!
You can't see any susceptible monsters within range! (Use Z to cast anyway.)
A goblin comes into view. It is wielding a +0 club.
The goblin shouts!
The endoplasm quivers.
The endoplasm closely misses you.
The negative energy hits the endoplasm!
The endoplasm is drained!
You kill the endoplasm!
You feel drained.
There is a stone staircase leading down here.
The negative energy hits the goblin!
The goblin is drained!
You kill the goblin!
You feel drained.
There is a stone staircase leading down here.
f - a scroll labelled YCWUEJO GANO
Found 6 stones and a leather armour.
You now have 35 gold pieces (gained 16).
Found 5 stones.
Found 6 stones.
A ball python comes into view.
A ball python is nearby!
A ball python is nearby!
An endoplasm comes into view.
The endoplasm quivers.
You see here 5 stones.
The ball python bites you.
Ouch! That really hurt!
* * * LOW HITPOINT WARNING * * *
The ball python grabs you. The ball python constricts you.
You die...

##### ### ##...##..
##.....#.# .
#.(.....J##..
#............
#.....S......
#...@.# ##...## #
##(## #.#
##.######## ####
#.........#######...
#....#.##......##...
#.##.#.##[..(..#.###
#.##....#........# #


You could see an endoplasm and a ball python.

Vanquished Creatures
  An endoplasm (D:1)
  A quokka (D:1)
  2 frilled lizards (D:1)
  A goblin (D:1)
5 creatures vanquished.

Notes
Turn   | Place    | Note
-------+----------+-------------------------------------------
     0 | D:1      | purpskrrrp the Demonspawn Reaver began the quest for the
                  | Orb.
     0 | D:1      | Reached XP level 1. HP: 16/16 MP: 3/3
   243 | D:1      | Constricted to death by a ball python

Illustrated notes

Levels and vault maps discovered:
D:1:      mrwooster_arrival_arrow, layout_loops_cross, minmay_misc_feat_room

Action                   || total
-------------------------++-------
 Cast: Kiss of Death     ||     5
Dodge: Dodged            ||     1

Table legend: (Time is in decaauts)
 A = Elapsed time spent in this place.
 B = Non-inter-level travel time spent in this place.
 C = Inter-level travel time spent in this place.
 D = Time resting spent in this place.
 E = Time spent auto-exploring this place.
 F = Levels seen in this place.
 G = Mean time per level.
                   A        B        C        D        E       F      G
               +--------+--------+--------+--------+--------+-----+--------+
         Total |    243 |    243 |      0 |      0 |    214 |   1 |  243.0 |
       Dungeon |    243 |    243 |      0 |      0 |    214 |   1 |  243.0 |
               +--------+--------+--------+--------+--------+-----+--------+

Top non-repeatable levels by time:
     D:1: 243 daAuts
